 Dungeon Crawl Stone Soup version 0.31.0-9-g3a7656b989 (webtiles) character file.

Game seed: 12116120892657618392

65 qw the Shooter (level 3, 0/20 HPs)
             Began as a Deep Elf Hunter on Feb 2, 2024.
             Succumbed to their own poison gas
             ... on level 2 of the Dungeon.
             The game lasted 00:00:04 (1320 turns).

qw the Shooter (Deep Elf Hunter)                    Turns: 1320, Time: 00:00:05

Health: 0/20       AC:  3    Str: 10    XL:     3   Next: 94%
Magic:  5/5        EV: 12    Int: 13    God:
Gold:   68         SH:  0    Dex: 18    Spells: 2/2 levels left

rFire   . . .        e - +5 arbalest (drain)
rCold   . . .        (shield currently unavailable)
rNeg    . . .        c - +0 leather armour
rPois   .            (no helmet)
rElec   .            (no cloak)
rCorr   .            (no gloves)
SInv    .            (no boots)
Will    .....        (no amulet)
Stlth   ++           (no ring)
HPRegen 0.23/turn    (no ring)
MPRegen 0.09/turn

%: no passive effects
@: lethally poisoned (0 -> -10)
A: no striking features
a: no special abilities


You were on level 2 of the Dungeon.
You visited 1 branch of the dungeon, and saw 2 of its levels.

You collected 68 gold pieces.


   Skills:
 - Level 1.5 Fighting
 + Level 7.4 Ranged Weapons
 - Level 2.4 Dodging
 - Level 1.2 Stealth


You had 2 spell levels left.
You didn't know any spells.
Your spell library was empty.

Inventory:

Hand Weapons
 e - a +5 arbalest of draining (weapon)
Armour
 c - a +0 leather armour (worn)
Potions
 b - a potion of might
 g - a potion of haste

Dungeon Overview and Level Annotations

Branches:
Dungeon (2/15)

Altars:


Message History

There is an open door here.
There is an open door here.
There is an open door here.
You see here a bat corpse.
You open the door.
There is an open door here.
Done exploring.
Done exploring.
1314 ||| READING scroll of identify.
1314 ||| IDENTIFYING viscous silvery potion
As you read the scroll of identify, it crumbles to dust.
b - a potion of might Done exploring.
1315 ||| READING 3 scrolls labelled REVECERIUL.
The air fills with toxic fumes!
As you read the scroll labelled REVECERIUL, it crumbles to dust.
It was a scroll of poison.
Done exploring.
1316 ||| DROPPING 2 scrolls of poison.
You drop 2 scrolls of poison.
Done exploring.
What level of the Dungeon? (default 2, ? - help) Sorry, I don't know how to get there.
Enter note:
Enter note:
Enter note:
Enter note:
Enter note:
Enter note:
Enter note:
Enter note:
Enter note: You are engulfed in poison gas.
You are lethally poisoned!
You feel very sick.
1318 ||| Stepping ~*~*~tactically~*~*~ (cloud).
You feel very sick.
There is a lethal amount of poison in your body!
You feel very sick.
There is a lethal amount of poison in your body!
You die...

##.####.###.....#....# #.#
##......# #...>..¤¤#.# #.#
#######.# ####'##¤¤#.# #.# #
### #.##¤¤#¤######.#
##############.¤¤0¤#0¤¤¤.##.###
............####¤¤¤¤¤¤##.##...#
###########.# #¤¤¤¤¤¤##.##.#.#
# #...# #0¤¤¤¤¤¤#.##...# #
###.### #@#?....#.####.# #
#...# #.#.....#......# #.###
#.#.....######## #.# #.#....%#
#.# ######.#.....# #.#
#......#.....# #.#
#.######.....# #.###.# #######
#.....#


There were no monsters in sight!

Vanquished Creatures
  An adder (D:2)
  2 dart slugs (D:2)
  2 ribbon worms (D:2)
  3 endoplasms
  A giant cockroach (D:1)
  5 goblins
  7 hobgoblins
  6 kobolds
  4 quokkas
  4 ball pythons (D:1)
  4 bats
  A frilled lizard (D:2)
  3 rats
43 creatures vanquished.

Notes
Turn   | Place    | Note
-------+----------+-------------------------------------------
     0 | D:1      | qw the Deep Elf Hunter began the quest for the Orb.
     0 | D:1      | Reached XP level 1. HP: 12/12 MP: 3/3
     0 | D:1      | 0 ||| qw: Version: 0.3-a-155-g5e7d8dd
     0 | D:1      | 0 ||| qw: Game counter: 917
     0 | D:1      | 0 ||| qw: Melee chars always use a shield: true
     0 | D:1      | 0 ||| qw: God list: Okawaru
     0 | D:1      | 0 ||| qw: Allow faded altars: false
     0 | D:1      | 0 ||| qw: Do Orc after clearing Dungeon:15 true
     0 | D:1      | 0 ||| qw: Do second Lair branch before Depths: true
     0 | D:1      | 0 ||| qw: Lair rune preference: random
     0 | D:1      | 0 ||| qw: Goals: Normal
     0 | D:1      | 0 ||| PLANNING D:1-11
   119 | D:1      | Reached skill level 6 in Ranged Weapons
   119 | D:1      | Reached XP level 2. HP: 16/16 MP: 4/4
   343 | D:1      | Reached XP level 3. HP: 19/20 MP: 5/5
   768 | D:1      | 768 ||| READING scroll labelled NIACSESM GAISS.
   768 | D:1      | Identified a scroll of acquirement
   768 | D:1      | 768 ||| ACQUIRING +5 arbalest of draining
   768 | D:1      | Acquired a +5 arbalest of draining
   770 | D:1      | 770 ||| SWAPPING to +5 arbalest of draining.
   771 | D:1      | 771 ||| DROPPING +0 shortbow.
   772 | D:1      | 772 ||| READING 2 scrolls labelled PYNKAO GOISETI.
   772 | D:1      | 772 ||| IDENTIFYING sedimented sapphire potion
   773 | D:1      | 773 ||| READING scroll of identify.
   773 | D:1      | 773 ||| IDENTIFYING smoky yellow potion
   774 | D:1      | 774 ||| READING scroll labelled VURIERPH RUGGO.
   775 | D:1      | 775 ||| DROPPING scroll of butterflies.
   776 | D:1      | 776 ||| DROPPING potion of magic.
   985 | D:2      | Reached skill level 7 in Ranged Weapons
  1314 | D:2      | 1314 ||| READING scroll of identify.
  1314 | D:2      | 1314 ||| IDENTIFYING viscous silvery potion
  1315 | D:2      | 1315 ||| READING 3 scrolls labelled REVECERIUL.
  1316 | D:2      | 1316 ||| DROPPING 2 scrolls of poison.
  1318 | D:2      | 1318 ||| Stepping ~*~*~tactically~*~*~ (cloud).
  1318 | D:2      | HP: 4/20 [poisoned by you (poison gas)]
  1319 | D:2      | HP: 1/20 [poisoned by you (poison gas)]
  1320 | D:2      | Succumbed to their own poison gas

Levels and vault maps discovered:
D:1:      minmay_arrival_doors, layout_basic, minmay_misc_feat_nine_boxes,
          minmay_misc_feat_diagonals
D:2:      layout_basic

Skill      XL: |  1  2  3 |
---------------+----------+-----
Ranged Weapons | 6 7 |  7.4
Fighting       | |  1.5
Dodging        | |  2.4
Stealth        | |  1.2

Action                     || total
---------------------------++-------
   Fire: Shortbow          ||    64
         Arbalest          ||    22
    Use: Scroll            ||     6
 Armour: Leather armour    ||    10
  Dodge: Dodged            ||    17

Table legend:
 A = Non-vault XP
 B = Vault XP
 C = Vault XP percentage of total XP
 D = Non-vault monster count
 E = Vault monster count
 F = Vault count percentage of total count
                 A         B        C        D         E       F
            +---------+---------+-------+---------+---------+-------
      Total |      94 |       0 |   0.0 |      43 |       0 |   0.0
            +---------+---------+-------+---------+---------+-------
        D:1 |      47 |       0 |   0.0 |      27 |       0 |   0.0
        D:2 |      47 |       0 |   0.0 |      16 |       0 |   0.0
            +---------+---------+-------+---------+---------+-------
